 Dungeon Crawl Stone Soup version 0.21-a0-274-gc1afaeb (webtiles) character file.

16359 JackS81 the Transmogrifier (level 12, 0/79 HPs)
             Began as an Octopode Transmuter on Sept 17, 2017.
             Was a High Priest of Okawaru.
             Slain by a blink frog (8 damage)
             ... on level 3 of the Lair of Beasts on Sept 19, 2017.
             The game lasted 01:31:00 (11170 turns).

JackS81 the Transmogrifier (Octopode Transmuter)   Turns: 11170, Time: 01:31:01

Health: 0/79       AC:  3    Str: 15    XL:     12   Next: 36%
Magic:  17/19      EV: 33    Int: 20    God:    Okawaru [*****.]
Gold:   590        SH:  0    Dex: 18    Spells: 11/20 levels left

rFire    + . .     SeeInvis .     - Unarmed
rCold    . . .     Gourm    .   (shield currently unavailable)
rNeg     . . .     Faith    .   (helmet currently unavailable)
rPois    x         Spirit   .   e - amulet of regeneration
rElec    .         Reflect  .   u - ring of protection from fire
rCorr    .         Harm     .   J - +1 ring of protection
MR       .....                  N - ring of flight
Stlth    +++.......             U - +6 ring of strength
HPRegen  0.63/turn              (no ring)
MPRegen  0.16/turn              (no ring)
                                (no ring)
                                (no ring)

@: spider-form (expiring), heroism
A: almost no armour, stealthy swim, (amphibious), 8 rings, (constrict 8)
a: End Transformation, Heroism, Finesse, Renounce Religion, Evoke Flight


You were on level 3 of the Lair of Beasts.
You worshipped Okawaru.
Okawaru was extremely pleased with you.
You were not hungry.
You were a venomous arachnid creature.
You visited 3 branches of the dungeon, and saw 12 of its levels.
You also visited: Sewer.

You collected 590 gold pieces.

Inventory:

Hand Weapons
 B - a +1 blowgun (melded)
 D - a +0 hand crossbow
Missiles
 a - 123 arrows
 f - 70 poisoned needles
 h - 3 javelins (quivered)
 l - 160 bolts
 m - 285 stones
Armour
 C - a +0 buckler
Jewellery
 e - an amulet of regeneration (around neck)
 i - an uncursed amulet of the gourmand
 u - a ring of protection from fire (left front leg)
 y - an uncursed amulet of magic regeneration
 J - a +1 ring of protection (right front leg)
 N - a ring of flight (on tentacle)
 U - a +6 ring of strength (on tentacle)
Wands
 q - a wand of clouds (6/9)
 G - a wand of paralysis (16/24)
 K - a wand of confusion (22/48)
 L - a wand of lightning (7/15)
 P - a wand of lightning (7/15)
 R - a wand of disintegration (10/24)
Scrolls
 g - 3 scrolls of blinking
 k - 8 scrolls of identify
 n - 2 scrolls of recharging
 o - 4 scrolls of teleportation
 p - 3 scrolls of enchant weapon
 r - a scroll of silence
 v - 8 scrolls of remove curse
 x - 3 scrolls of magic mapping
 I - a scroll of enchant armour
 O - a scroll of amnesia
 Q - a scroll of summoning {unknown}
Potions
 d - 3 potions of flight
 j - a potion of might
 t - 3 potions of curing
 z - a potion of ambrosia
 A - a potion of degeneration
 E - 6 potions of brilliance
 H - a potion of haste
 S - a potion of lignification {unknown}
 T - 2 potions of berserk rage {unknown}
Books
 b - a book of Changes

   Spells                             Type                      Level
   a - Beastly Appendage              Transmutation                1
   b - Sticks to Snakes               Transmutation                2
   c - Spider Form                    Transmutation/Poison         3
   d - Ice Form                       Ice/Transmutation            4
   e - Blade Hands                    Transmutation                5
 M - a book of Flames

   Spells                             Type                      Level
   a - Flame Tongue                   Conjuration/Fire             1
   b - Throw Flame                    Conjuration/Fire             2
   c - Conjure Flame                  Conjuration/Fire             3
   d - Inner Flame                    Hexes/Fire                   3
   e - Sticky Flame                   Conjuration/Fire             4
   f - Fireball                       Conjuration/Fire             5
Comestibles
 c - 3 bread rations
 s - 4 meat rations
 w - 2 royal jellies
 F - a fruit


   Skills:
 + Level 6.0(11.0) Fighting
 + Level 8.9(13.9) Dodging
 + Level 10.3(15.3) Unarmed Combat
 + Level 4.7 Spellcasting
 - Level 11.8 Transmutations
 - Level 1.0 Poison Magic
 + Level 5.7 Invocations


You had 11 spell levels left.
You knew the following spells:

 Your Spells              Type           Power        Failure   Level  Hunger
b - Spider Form           Tmut/Pois      ####......   10%         3    ##.....
c - Ice Form              Ice/Tmut       ####....     26%         4    ####...
d - Sticks to Snakes      Tmut           ######..     1%          2    #......


Dungeon Overview and Level Annotations

Branches:
Dungeon (8/15)             Temple (1/1) D:7            Lair (3/6) D:8
  Swamp: Lair:2-4    Shoals: Lair:2-4     Snake: Lair:2-4    Spider: Lair:2-4

Altars:
Ashenzari
Cheibriados
Dithmenos
Elyvilon
Fedhas
Gozag
Hepliaklqana
Kikubaaqudgha
Makhleb
Okawaru
Qazlal
Ru
Sif Muna
Trog
Uskayaw
Vehumet
Yredelemnul
Zin
The Shining One

Shops:
D:5 :


Innate Abilities, Weirdness & Mutations

You cannot wear most types of armour.
You are very stealthy in the water. (Stealth+)
((You are amphibious.))
You can wear up to eight rings at the same time.
((You can use your tentacles to constrict eight enemies at once.))
((Your skin changes colour to match your surroundings (Stealth+).))
((Your rubbery body absorbs attacks. (AC +1, EV +1)))


Message History

You hit the blink frog.
You kill the blink frog!
Okawaru accepts your kill.
Your base Fighting skill increases to level 6!
A spiny frog comes into view.
The spiny frog moves out of view.
The blink frog completely misses you.
You bite the blink frog!
The blink frog is heavily wounded.
The blink frog blinks!
The blink frog blinks!
The blink frog blinks!
Your transformation is almost over.
The blink frog hits you!
* * * LOW HITPOINT WARNING * * *
You maul the blink frog!!
The blink frog looks as sick as possible!
The blink frog is almost dead.
The blink frog hits you!
You die...

##...# #....#######
##...#.#...#
#..........
##########..........
#..#P#.##...........
#..ยง....F.....P##...
#.##F........######.
###s##......## #....
####PF....#####...
##.....PP......
##...........#
##F...##....##
#.....##...##
##...###.### #F..#
### #...#


You could see 2 blink frogs.

Vanquished Creatures
  The ghost of AvylaarBelgium the Basher, a novice TrBe of Trog (Lair:1)
  5 death yaks (Lair:2)
  A two-headed ogre (D:8)
  The ghost of Serpenta the Geomancer, a novice GrEE of Vehumet (Lair:1)
  3 elephants (Lair:3)
  2 spiny frogs
  The ghost of Zsanart the Digger, a novice GrEE of Sif Muna (D:5)
  A polar bear (Lair:3)
  A hornet (Lair:3)
  5 hippogriffs
  3 blink frogs (Lair:3)
  11 yaks
  A steam dragon (D:8)
  The ghost of cirnu the Grave Robber, an amateur DsNe of Gozag (Sewer)
  Duvessa (D:7)
  4 porcupines
  5 water moccasins
  2 orc warriors (D:8)
  A black bear (D:5)
  2 ice beasts
  6 ogres
  A wolf (Lair:3)
  3 phantoms
  5 centaurs
  4 crocodiles
  2 big kobolds (Sewer)
  A gnoll sergeant (D:5)
  10 bullfrogs
  Dowan (D:7)
  A wyvern skeleton (D:8)
  4 killer bees (D:8)
  2 howler monkeys (D:7)
  4 crimson imps
  A bullfrog zombie (D:8)
  A centaur zombie (D:6)
  An orc priest (D:4)
  2 hounds
  A gnoll shaman (D:4)
  3 jellies (D:8)
  3 bullfrog skeletons
  4 iguanas
  2 orc wizards (D:4)
  7 worker ants
  A hound zombie (D:8)
  15 gnolls
  15 adders
  2 river rats (Sewer)
  A shadow imp (D:8)
  2 oozes
  An adder skeleton (D:7)
  5 worms
  5 dart slugs
  4 leopard geckos
  30 orcs
  6 giant cockroaches
  9 goblins
  7 hobgoblins
  5 jackals
  22 kobolds
  3 quokkas
  6 ball pythons
  4 bats
  10 frilled lizards
  A jackal zombie (D:5)
  A quokka skeleton (D:4)
  31 rats
307 creatures vanquished.

Vanquished Creatures (collateral kills)
  A spiny frog (Lair:1)
  A komodo dragon (Lair:1)
  A yak (Lair:1)
  A basilisk (Lair:1)
  2 water moccasins (Lair:1)
  2 sky beasts (D:8)
  A hornet zombie (D:7)
  A howler monkey (D:7)
  2 electric eels (Lair:1)
12 creatures vanquished.

Vanquished Creatures (others)
  A plant (Lair:3)
1 creature vanquished.

Grand Total: 320 creatures vanquished

Notes
Turn   | Place    | Note
-------+----------+-------------------------------------------
     0 | D:1      | JackS81 the Octopode Transmuter began the quest for the Orb.
     0 | D:1      | Reached XP level 1. HP: 13/13 MP: 3/3
   119 | D:1      | Reached skill level 3 in Transmutations
   119 | D:1      | Reached XP level 2. HP: 18/18 MP: 3/5
   169 | D:1      | Reached XP level 3. HP: 23/23 MP: 4/6
   203 | D:1      | Learned a level 3 spell: Spider Form
   757 | D:2      | Reached skill level 4 in Transmutations
   784 | D:2      | Reached XP level 4. HP: 28/28 MP: 7/7
  1401 | D:3      | Found an ancient bone altar of Kikubaaqudgha.
  1518 | D:3      | Reached skill level 1 in Poison Magic
  1518 | D:3      | Reached XP level 5. HP: 32/33 MP: 6/8
  1896 | D:3      | Found a faded altar of an unknown god.
  2114 | D:3      | Found a sacrificial altar of Ru.
  2146 | D:3      | Found a hazy altar of Hepliaklqana.
  2204 | D:3      | Found a glowing silver altar of Zin.
  2486 | D:4      | Reached skill level 5 in Transmutations
  2486 | D:4      | Reached XP level 6. HP: 27/38 MP: 6/9
  2583 | D:4      | Found a glowing drain.
  2606 | Sewer    | Entered a sewer
  2680 | Sewer    | Noticed cirnu's ghost (amateur DsNe)
  2701 | Sewer    | Killed cirnu's ghost
  2701 | Sewer    | Reached skill level 6 in Transmutations
  2718 | Sewer    | Reached XP level 7. HP: 39/43 MP: 10/10
  2938 | Sewer    | Reached skill level 5 in Unarmed Combat
  3276 | Sewer    | Upgraded the game from 0.21-a0-273-g0785366 to 0.21-a0-274-gc1afaeb
  3466 | D:4      | Reached skill level 7 in Transmutations
  3916 | D:5      | Entered Level 5 of the Dungeon
  3986 | D:5      | Found Gem Neni's Book Shop.
  3999 | D:5      | Reached XP level 8. HP: 37/48 MP: 7/11
  4005 | D:5      | Learned a level 4 spell: Ice Form
  4082 | D:5      | Noticed Zsanart's ghost (novice GrEE)
  4101 | D:5      | Reached skill level 8 in Transmutations
  4130 | D:5      | Killed Zsanart's ghost
  4826 | D:6      | Found a radiant altar of Vehumet.
  4855 | D:6      | Reached skill level 9 in Transmutations
  4855 | D:6      | Reached XP level 9. HP: 9/53 MP: 7/12
  5597 | D:7      | Noticed Dowan
  5599 | D:7      | Noticed Duvessa
  5624 | D:7      | Killed Duvessa
  5636 | D:7      | Killed Dowan
  5742 | D:7      | Reached skill level 10 in Transmutations
  5823 | D:7      | Reached skill level 5 in Dodging
  5960 | D:7      | Found a staircase to the Ecumenical Temple.
  5967 | Temple   | Entered the Ecumenical Temple
  6164 | D:7      | Learned a level 2 spell: Sticks to Snakes
  6713 | D:7      | Reached XP level 10. HP: 58/58 MP: 4/13
  6836 | D:8      | Noticed a two-headed ogre
  6858 | D:8      | Killed a two-headed ogre
  6858 | D:8      | Reached skill level 11 in Transmutations
  7351 | D:8      | Found a staircase to the Lair.
  7639 | D:8      | Found a shadowy altar of Dithmenos.
  7647 | D:8      | Found a basalt altar of Yredelemnul.
  7649 | D:8      | Found an iron altar of Okawaru.
  7673 | D:8      | Became a worshipper of Warmaster Okawaru
  7817 | Lair:1   | Entered Level 1 of the Lair of Beasts
  7841 | Lair:1   | Found a white marble altar of Elyvilon.
  8059 | Lair:1   | Noticed a spiny frog
  8069 | Lair:1   | Killed a spiny frog
  8125 | Lair:1   | Reached * piety under Okawaru
  8137 | Lair:1   | Noticed AvylaarBelgium's ghost (novice TrBe)
  8154 | Lair:1   | Killed AvylaarBelgium's ghost
  8154 | Lair:1   | Reached ** piety under Okawaru
  8154 | Lair:1   | Reached XP level 11. HP: 43/67 MP: 1/14
  8215 | Lair:1   | Noticed Serpenta's ghost (novice GrEE)
  8237 | Lair:1   | Killed Serpenta's ghost
  8327 | Lair:1   | Reached skill level 1 in Invocations
  9088 | Lair:2   | Reached *** piety under Okawaru
  9365 | Lair:2   | Noticed a death yak
  9368 | Lair:2   | Noticed a death yak
  9369 | Lair:2   | Noticed a death yak
  9369 | Lair:2   | Noticed a death yak
  9409 | Lair:2   | Noticed a death yak
  9409 | Lair:2   | Killed a death yak
  9413 | Lair:2   | Killed a death yak
  9413 | Lair:2   | Reached **** piety under Okawaru
  9424 | Lair:2   | Killed a death yak
  9431 | Lair:2   | Killed a death yak
  9541 | Lair:2   | Killed a death yak
  9541 | Lair:2   | Reached ***** piety under Okawaru
  9541 | Lair:2   | Reached skill level 5 in Fighting
  9818 | Lair:2   | Reached skill level 10 in Unarmed Combat
  9818 | Lair:2   | Reached XP level 12. HP: 37/77 MP: 15/17
 10404 | Lair:3   | Reached skill level 5 in Invocations
 11170 | Lair:3   | Slain by a blink frog

Vault maps used:
D:1:      lemuel_arrival_hallway, minmay_split_cup_large
D:3:      lemuel_doored_altar, kiku_gazebo_garden_becter, marbit_many_paths,
          lemuel_coloured_pillars_altar, chequers_ecumenical_altar_grove,
          first_bread
D:4:      cheibrodos_sewer_entry_bend, nicolae_ossuary_entry_ruins
D:5:      serial_shops, shop
D:6:      basic_altar, hangedman_abyss_or_decor_lesser_grid, st_stairs_7,
          kennysheep_small_circle
D:7:      minmay_temple_entry_butterflies, uniq_duvessa
D:8:      grunt_temple_overflow_open, lair_entry_dummy
Temple:   nicolae_temple_hex_pool
Lair:1:   statuecave_lemuel, basic_altar, minivault_25,
          grunt_forest_stairs_basic, grunt_megastairs_3
Lair:3:   spider_nest_entry_funnel_web, st_stairs_12, infiniplex_staircase_pool,
          serial_bayou_shore_b, grunt_megastairs_4
Sewer:    sewer_minmay_treatment

Skill      XL: |  1  2  3  4  5  6  7  8  9 10 11 12 |
---------------+-------------------------------------+-----
Transmutations | 3 4 5 6 7 9 10 11 | 11.8
Poison Magic   | 1 |  1.0
Unarmed Combat | 4 5 6 7 9 10 | 10.3
Dodging        | 3 5 7 8 |  8.9
Fighting       | 3 5 6 |  6.0
Invocations    | 4 5 |  5.7
Spellcasting   | 3 4 |  4.7

Action                   |  1- 3 |  4- 6 |  7- 9 | 10-12 || total
-------------------------+-------+-------+-------+-------++-------
Melee: Unarmed           |    67 |   177 |   392 |   427 ||  1063
       Constrict         |    16 |    27 |    12 |       ||    55
       Kick              |     8 |    21 |    12 |       ||    41
       Tentacles         |    11 |    18 |     9 |       ||    38
       Punch             |     1 |     3 |     2 |       ||     6
 Fire: Blowgun           |       |       |    29 |   125 ||   154
Throw: Stone             |     2 |    20 |       |       ||    22
       Javelin           |       |     7 |     7 |       ||    14
 Cast: Beastly Appendage |    12 |    17 |     8 |       ||    37
       Spider Form       |     3 |    15 |    36 |    38 ||    92
       Ice Form          |       |       |     6 |    11 ||    17
       Sticks to Snakes  |       |       |     7 |    23 ||    30
Invok: Heroism           |       |       |       |     3 ||     3
 Abil: End Transformatio |       |       |     2 |     6 ||     8
Evoke: Wand              |       |       |       |     2 ||     2
  Use: Scroll            |       |     3 |    14 |     4 ||    21
       Potion            |       |     2 |    11 |     7 ||    20
 Stab: Sleeping          |     7 |     5 |     4 |       ||    16
       Distracted        |       |       |       |     3 ||     3
  Eat: Chunk             |       |     9 |    14 |    17 ||    40
       Meat ration       |       |       |     1 |       ||     1
       Fruit             |       |       |       |     6 ||     6
       Bread ration      |       |       |       |     1 ||     1
Armor: Skin              |     3 |     9 |    23 |    33 ||    68
Dodge: Dodged            |    25 |   120 |   278 |   360 ||   783

Table legend:
 A = Spawn XP
 B = Non-spawn XP
 C = Spawn XP percentage of total XP
 D = Spawn monster count
 E = Non-spawn monster count
 F = Spawn count percentage of total count
 G = Total turns spent on level
                    A         B        C        D         E        F      G
               +---------+---------+-------+---------+---------+-------+---------
         Total |       0 |   23371 |   0.0 |       0 |     319 |   0.0 | 11170
               +---------+---------+-------+---------+---------+-------+---------
           D:1 |       0 |      65 |   0.0 |       0 |      29 |   0.0 |   751
           D:2 |       0 |      77 |   0.0 |       0 |      23 |   0.0 |   596
           D:3 |       0 |     109 |   0.0 |       0 |      21 |   0.0 |  1052
           D:4 |       0 |     504 |   0.0 |       0 |      34 |   0.0 |   866
           D:5 |       0 |    1069 |   0.0 |       0 |      21 |   0.0 |   846
           D:6 |       0 |     869 |   0.0 |       0 |      23 |   0.0 |   753
           D:7 |       0 |    1556 |   0.0 |       0 |      21 |   0.0 |  1203
           D:8 |       0 |    2906 |   0.0 |       0 |      37 |   0.0 |   981
        Lair:1 |       0 |    3636 |   0.0 |       0 |      20 |   0.0 |  1121
        Lair:2 |       0 |    7407 |   0.0 |       0 |      22 |   0.0 |  1417
        Lair:3 |       0 |    4732 |   0.0 |       0 |      19 |   0.0 |   815
         Sewer |       0 |     441 |   0.0 |       0 |      49 |   0.0 |   692
               +---------+---------+-------+---------+---------+-------+---------
